 Dungeon Sprint DCSS version 0.22-a0-396-g3f858e3 (webtiles) character file.

6 emperorscorpion the Grasshopper (level 1, 0/16 HPs)
             Began as a Vine Stalker Warper on May 4, 2018.
             Slain by a sky beast (3 damage)
             ... in the Dungeon (Sprint IX: "|||||||||||||||||||||||||||||").
             The game lasted 00:00:26 (171 turns).

emperorscorpion the Grasshopper (VSWr)               Turns: 171, Time: 00:00:27

Health: 0/16       AC:  3    Str: 18    XL:     1   Next: 90%
Magic:  0/5        EV: 12    Int: 13    God:
Gold:   0          SH:  0    Dex: 13    Spells: 6/6 levels left

rFire    . . .     SeeInvis .   a - +0 falchion
rCold    . . .     Gourm    .   (no shield)
rNeg     . . .     Faith    .   b - +0 leather armour
rPois    .         Spirit   +   (no helmet)
rElec    .         Reflect  .   (no cloak)
rCorr    .         Harm     .   (no gloves)
MR       .....     NoTele   +   (no boots)
Stlth    ..........             (no amulet)
HPRegen  0.05/turn              (no ring)
MPRegen  0.09/turn              (no ring)

@: berserking, very quick
A: fangs 2, magic shield, antimagic bite, no potion heal 3, rot immunity
a: no special abilities


You were in the Dungeon.
You were not hungry.

You visited 1 branch

Inventory:

Hand Weapons
 a - a +0 falchion (weapon)
Missiles
 e - 5 tomahawks of dispersal (quivered)
Armour
 b - a +0 leather armour (worn)
Scrolls
 d - 2 scrolls of blinking
Potions
 g - a potion of curing
 h - a potion of heal wounds
 i - a potion of haste
 j - 2 potions of magic
Comestibles
 c - 4 chunks of flesh
 f - a ration


   Skills:
 + Level 2.4 Fighting
 + Level 2.1 Long Blades
 + Level 1.0 Throwing
 + Level 0.8 Armour
 + Level 2.0 Dodging
 + Level 3.0 Spellcasting
   Level 3.0 Translocations


You had 6 spell levels left.
You didn't know any spells.

Dungeon Overview and Level Annotations

Branches:
Dungeon (1/1)

Altars:


Innate Abilities, Weirdness & Mutations

You have extremely sharp teeth.
When hurt, damage is shared between your health and your magic reserves.
Your bite disrupts and absorbs the magic of your enemies.
Potions cannot restore your health.
You are immune to rotting.


Message History

The sky beast hits you. The sky beast shocks you.
You hit the sky beast. You bite the sky beast! You drain its power.
You feel invigorated.
The sky beast is moderately wounded.
The sky beast barely misses you.
You riposte.
You hit the sky beast. You bite the sky beast. You drain its power.
You feel invigorated.
The sky beast is heavily wounded.
You hit the sky beast but do no damage.
The sky beast is heavily wounded.
The sky beast hits you. The sky beast shocks you.
* * * LOW HITPOINT WARNING * * *
You hit the sky beast. Your bite misses the sky beast.
The sky beast is severely wounded.
You completely miss the sky beast.
The sky beast is severely wounded.
The sky beast hits you but does no damage.
You miss the sky beast.
The sky beast is severely wounded.
The sky beast hits you.
You die...

▓.▓
▓.▓
▓.▓
▓'▓
▓÷▓
▓.▓
▓.▓
▓.▓
▓@▓
▓Y▓
▓a▓
▓Z▓
▓l▓
▓{▓
▓.▓
▓+▓


You could see a sky beast, a worker ant, an adder zombie and a leopard gecko.

Vanquished Creatures
  A dart slug (D)
  A goblin (D)
  3 rats (D)
5 creatures vanquished.

Notes
Turn   | Place    | Note
-------+----------+-------------------------------------------
     0 | D        | emperorscorpion the Vine Stalker Warper began the quest for the Orb.
     0 | D        | Reached XP level 1. HP: 11/11 MP: 4/4
    11 | D        | Reached skill level 1 in Throwing
   165 | D        | Noticed a sky beast
   165 | D        | Noticed a worker ant
   165 | D        | Noticed a sky beast
   171 | D        | Slain by a sky beast

Vault maps used:
D:        linesprint

Skill      XL: |  1 |
---------------+----+-----
Fighting       | 2 |  2.4
Long Blades    | 2 |  2.1
Throwing       | 1 |  1.0
Dodging        | 2 |  2.0
Spellcasting   | 3 |  3.0
Armour         | |  0.8
Translocations | |  3.0

Action                   || total
-------------------------++-------
Melee: Falchion          ||    13
       Bite              ||     6
  Use: Potion            ||     1
Armor: Leather armour    ||     3
Dodge: Dodged            ||     4
       Rpst.: Falchion   ||     3

Table legend:
 A = Spawn XP
 B = Non-spawn XP
 C = Spawn XP percentage of total XP
 D = Spawn monster count
 E = Non-spawn monster count
 F = Spawn count percentage of total count
 G = Total turns spent on level
                    A         B        C        D         E        F      G
               +---------+---------+-------+---------+---------+-------+---------
         Total |       0 |       9 |   0.0 |       0 |       5 |   0.0 |   171
               +---------+---------+-------+---------+---------+-------+---------
             D |       0 |       9 |   0.0 |       0 |       5 |   0.0 |   171
               +---------+---------+-------+---------+---------+-------+---------
